 Dungeon Crawl Stone Soup version 0.30-a0-1157-g2cc9ac7196 (webtiles) character file.

Game seed: 9409527029580027861

54 Dittersdorf the Shield-Bearer (level 3, -14/24 HPs)
             Began as a Gargoyle Fighter on Apr 24, 2023.
             Killed from afar by Ijyb (16 damage)
             ... with a bolt of light
             ... on level 3 of the Dungeon.
             The game lasted 00:01:52 (1572 turns).

Dittersdorf the Shield-Bearer (Gargoyle Fighter)    Turns: 1572, Time: 00:01:53

Health: -14/24     AC: 10    Str: 21    XL:     3   Next: 91%
Magic:  0/12       EV:  9    Int:  8    God:
Gold:   121        SH:  4    Dex:  9    Spells: 2/2 levels left

rFire   . . .        a - +0 flail
rCold   . . .        c - +0 buckler
rNeg    + . .        b - +0 scale mail
rPois   ∞            (no helmet)
rElec   +            (no cloak)
rCorr   .            (no gloves)
SInv    .            (no boots)
Will    .....        j - amulet of guardian spirit Stlth
                     e - ring of magical power
HPRegen 0.24/turn    (no ring)
MPRegen 0.13/turn

%: guardian spirit
@: no status effects
A: sickness immunity, AC +3, negative energy resistance 1, electricity
resistance, torment resistance 1, petrification resistance
a: no special abilities


You were on level 3 of the Dungeon.
You visited 1 branch of the dungeon, and saw 3 of its levels.

You collected 121 gold pieces.

Inventory:

Hand Weapons
 a - a +0 flail (weapon)
Armour
 b - a +0 scale mail (worn)
 c - a +0 buckler (worn)
Jewellery
 e - a ring of magical power (left hand)
 j - an amulet of guardian spirit (around neck)
Scrolls
 f - 2 scrolls of amnesia {unknown}
 g - a scroll of brand weapon {unknown}
 h - 3 scrolls of identify {unknown}
 i - 3 scrolls of butterflies {unknown}
Potions
 d - a potion of might
 k - a potion of curing {unknown}
 l - a potion of brilliance {unknown}


   Skills:
 + Level 3.8 Fighting
 + Level 2.7 Maces & Flails
 + Level 3.8 Armour
 + Level 3.8 Shields


You had 2 spell levels left.
You didn't know any spells.
Your spell library was empty.

Dungeon Overview and Level Annotations

Branches:
Dungeon (3/15)

Altars:
Kikubaaqudgha
Uskayaw

Portals:
Sewer: D:3

Annotations:
D:3 Ijyb


Innate Abilities, Weirdness & Mutations

You are immune to sickness and miasma.
Your stone body is resilient. (AC +3)
You are immune to poison.
You resist negative energy. (rN+)
You are resistant to electric shocks. (rElec)
You are resistant to unholy torment.
You are immune to petrification.


Message History

The giant cockroach bites you. The giant cockroach closely misses you.
You closely miss the giant cockroach. You block the giant cockroach's attack.
You thump the giant cockroach!
You kill the giant cockroach!
You enter the shallow water.
Moving in this stuff is going to be slow.
A rat comes into view.
Ijyb zaps a wand.
The bolt of light hits you!
Ijyb zaps a wand.
The bolt of light hits you!
* * * LOW HITPOINT WARNING * * *
The worm barely misses you.
You are too injured to fight recklessly!
You are too injured to fight recklessly!
You are too injured to fight recklessly!
You are too injured to fight recklessly!
You are too injured to fight recklessly!
You are too injured to fight recklessly!
You are too injured to fight recklessly!
You are too injured to fight recklessly!
You are too injured to fight recklessly!
You are too injured to fight recklessly!
You are too injured to fight recklessly!
You are too injured to fight recklessly!
You are too injured to fight recklessly!
You are too injured to fight recklessly!
You are too injured to fight recklessly!
You are too injured to fight recklessly!
You are too injured to fight recklessly!
You are too injured to fight recklessly!
You are too injured to fight recklessly!
The worm closely misses you. Ijyb screams, "I cut your head off!"
You barely miss Ijyb.
Ijyb hits you with a +0 dagger of draining.
* * * LOW HITPOINT WARNING * * *
Ijyb hits you with a +0 dagger of draining.
* * * LOW HITPOINT WARNING * * *
You barely miss Ijyb.
Ijyb zaps a wand.
The bolt of light hits you!
Ouch! That really hurt!
You die...

*,* *,,,,,,,,* *,* **,*****,*
*,* *,* *,* *,* *,* *,* *,###
*,* *,* *,..# *,*****,* *,#.#
*,,>,,,,* #**,#.# *****,*,*
**#####.,,#@# *,*,*
**,......###g# *,*,*
*,,#.......#w# #.#,*
*,*..#..~#...# #.#,*###**
*,,..~~~~~...# #.#,*#.>,,
*,,#~~~~~~~#.# #.#,*#.#**
*,,.~~~r~~~..## #.#,##.###
*,,.~~~∩~~~...######.#,,.....
**,~~~~~~~~~.........####.#.#


You could see Ijyb and a worm.

Vanquished Creatures
  An adder (D:2)
  A dart slug (D:1)
  9 ball pythons
  2 bats
  3 endoplasms
  3 giant cockroaches
  3 goblins (D:2)
  7 hobgoblins
  4 kobolds
  A quokka (D:2)
  3 rats
37 creatures vanquished.

Notes
Turn   | Place    | Note
-------+----------+-------------------------------------------
     0 | D:1      | Dittersdorf the Gargoyle Fighter began the quest for the
                  | Orb.
     0 | D:1      | Reached XP level 1. HP: 14/14 MP: 1/1
    84 | D:1      | Reached XP level 2. HP: 19/19 MP: 2/2
   850 | D:1      | Reached XP level 3. HP: 23/23 MP: 3/3
  1483 | D:3      | Found a faded altar of an unknown god.
  1499 | D:3      | Found a hide-covered altar of Uskayaw.
  1500 | D:3      | Found an ancient bone altar of Kikubaaqudgha.
  1557 | D:3      | Found a glowing drain.
  1557 | D:3      | Noticed Ijyb
  1572 | D:3      | Killed from afar by Ijyb

Illustrated notes

Levels and vault maps discovered:
D:1:      scummos_arrival_checkerplants, layout_loops_corners, serial_glass,
          glass_columns_a, glass_columns_a, minmay_strange_pillars,
          item_on_display_a, feat_on_display, item_on_display_a
D:2:      layout_basic, serial_bayou_pond_a
D:3:      layout_loops_ring, mainiacjoe_overflow_divided_tiny,
          shapermc_ecumenical_altar_mp_highgroup, cheibrodos_sewer_entry_drain,
          uniq_ijyb

Action                     || total
---------------------------++-------
  Melee: Flail             ||   117
    Use: Scroll            ||     2
 Armour: Scale mail        ||    60
  Dodge: Dodged            ||    49
  Block: Buckler           ||    23

Table legend: (Time is in decaauts)
 A = Elapsed time spent in this place.
 B = Non-inter-level travel time spent in this place.
 C = Inter-level travel time spent in this place.
 D = Time resting spent in this place.
 E = Time spent auto-exploring this place.
 F = Levels seen in this place.
 G = Mean time per level.
                   A        B        C        D        E       F      G
               +--------+--------+--------+--------+--------+-----+--------+
         Total |   1610 |   1570 |     40 |      0 |   1236 |   3 |  536.7 |
       Dungeon |   1610 |   1570 |     40 |      0 |   1236 |   3 |  536.7 |
               +--------+--------+--------+--------+--------+-----+--------+

Top non-repeatable levels by time:
     D:1: 956 daAuts
     D:2: 557 daAuts
     D:3: 96 daAuts
